 Dungeon Crawl Stone Soup version 0.25-a0-890-g62861fb195 (webtiles) character file.

Game seed: 10501392801931734264, levelgen mode: deterministic

2165 Esekla the Conjurer (level 9, -6/68 HPs)
             Began as a Formicid Conjurer on May 2, 2020.
             Was an Initiate of Vehumet.
             Killed from afar by a manticore (13 damage)
             ... with a volley of spikes
             ... on level 15 of the Dungeon.
             The game lasted 00:47:55 (6707 turns).

Esekla the Conjurer (Formicid Conjurer)             Turns: 6707, Time: 00:47:56

Health: -6/68      AC:  4    Str: 14    XL:     9   Next: 57%
Magic:  0/15       EV: 13    Int: 14    God:    Vehumet [......]
Gold:   310        SH:  0    Dex: 14    Spells: 13/16 levels left

rFire    . . .     SeeInvis +   q - +1 falchion
rCold    + + .     Gourm    .   (no shield)
rNeg     . . .     Faith    .   n - +0 leather armour
rPois    .         Spirit   +   (helmet unavailable)
rElec    .         Reflect  .   l - scarf {Spirit}
rCorr    .         Harm     .   (no gloves)
MR       .....                  d - +0 pair of boots
Stlth    ++........             (no amulet)
HPRegen  0.21/turn              s - ring of protection from cold
MPRegen  0.14/turn              y - ring of protection from cold

@: barbed spikes
A: permanent stasis, dig shafts and tunnels, four strong arms, antennae 3
a: Dig, Shaft Self, Renounce Religion


You were on level 15 of the Dungeon.
You worshipped Vehumet.
Vehumet was noncommittal.
You were hungry.

You visited 1 branch of the dungeon, and saw 11 of its levels.

You collected 310 gold pieces.

Inventory:

Hand Weapons
 f - a +0 spear
 m - a +1 dagger of venom
 q - a +1 falchion (weapon)
 A - a +3 dagger
Missiles
 e - 7 boomerangs
 h - 18 poisoned darts (quivered)
 x - 4 curare-tipped darts
Armour
 a - a +0 cloak
 d - a +0 pair of boots (worn)
 l - a scarf of spirit shield (worn)
 n - a +0 leather armour (worn)
Jewellery
 s - a ring of protection from cold (left hand)
 y - a ring of protection from cold (right hand)
Wands
 i - a wand of flame (18)
 r - a wand of random effects (22)
 B - a wand of polymorph (4)
 C - a wand of disintegration (18)
Scrolls
 g - 4 scrolls of identify
 j - a scroll of fear
 p - a scroll of fog
 t - a scroll of remove curse
 v - a scroll of enchant weapon
Potions
 b - a potion of heal wounds {unknown}
 k - a potion of might {unknown}
 o - 3 potions of stabbing {unknown}
 u - a potion of lignification {unknown}
 w - a potion of magic {unknown}
 z - a potion of ambrosia {unknown}
Comestibles
 c - 12 rations


   Skills:
 * Level 5.5 Fighting
 + Level 2.4(3.8) Short Blades
 * Level 4.5(4.8) Long Blades
 + Level 1.2 Polearms
 - Level 3.0 Throwing
 + Level 4.9 Armour
 + Level 4.0 Dodging
 - Level 2.4 Stealth
 * Level 4.1 Spellcasting
 + Level 5.5 Conjurations


You had 13 spell levels left.
You knew the following spells:

 Your Spells              Type           Power        Failure   Level  Hunger
a - Magic Dart            Conj           ###.         2%          1    None
e - Searing Ray           Conj           ###...       3%          2    ##.....

Your spell library contained the following spells:

 Spells                   Type           Power        Failure   Level  Hunger
 Dazzling Flash           Conj/Hex       ##....       22%         3    ###....
 Fulminant Prism          Conj/Hex       ##........   58%         4    ####...
 Iskenderun's Mystic Bla  Conj/Tloc      ##......     58%         4    ####...


Dungeon Overview and Level Annotations

Branches:
Dungeon (13/15)            Vaults (0/5) D:13
 Temple: D:4-7         Lair: D:8-11         Orc: D:9-12

Altars:
Cheibriados
Fedhas
Kikubaaqudgha
Makhleb
Sif Muna
Trog
Vehumet
Xom
Zin
The Shining One

Shops:
D:4 }


Innate Abilities, Weirdness & Mutations

You cannot be hasted, slowed, berserked, paralysed or teleported.
You can dig through walls and to a lower floor.
Your four strong arms can wield two-handed weapons with a shield.
You have a pair of large antennae on your head. (SInv)


Message History

The centaur warrior shoots an arrow.
The arrow barely misses you.
You see here an arrow.
Okay, then.
There are monsters nearby!
A manticore comes into view.
The centaur warrior shoots an arrow.
The arrow barely misses you.
The two-headed ogre looks more healthy.
Found 15 arrows.
Found a viscous silvery potion.
A cyclops comes into view.
The cyclops throws a large rock.
The large rock hits you!!!
* * * LOW HITPOINT WARNING * * *
You see here a large rock.
You see here a viscous silvery potion.
Found a ration.
A boggart comes into view.
The manticore flicks its tail.
The volley of spikes hits you!
The barbed spikes become lodged in your body.
You die...

#.###.# #..##.# ##!##.#
#.##.# #H##.# #.##.#
.######(##.#
...............O.#
.........#####@##.#
.........# #.####
...O..O..# #.#
.........## #.#
..........####.###
............##...#
.........##..###.####
.........(..........#
........(####.c.......(.


You could see a two-headed ogre and a manticore.

Vanquished Creatures
  Psyche (D:8)
  Menkaure (D:4)
  Edmund (D:4)
  A hornet zombie (D:6)
  2 phantoms (D:4)
  3 ogres
  2 bullfrogs
  A big kobold (D:9)
  A gnoll sergeant (D:5)
  A wyvern skeleton (D:9)
  A quasit (D:10)
  2 bullfrog skeletons (D:4)
  3 orc priests
  A hound (D:4)
  Natasha (thrice) (D:3)
  2 iguanas
  5 orc wizards
  3 worker ants
  A hell rat (D:5)
  A hound zombie (D:9)
  4 gnolls (D:5)
  9 adders
  An adder skeleton (D:4)
  A dart slug (D:2)
  2 worms
  4 leopard geckos
  22 orcs
  3 giant cockroaches
  10 goblins
  7 hobgoblins
  9 kobolds
  3 quokkas
  9 bats
  4 frilled lizards
  A quokka skeleton (D:4)
  13 rats
138 creatures vanquished.

Notes
Turn   | Place    | Note
-------+----------+-------------------------------------------
     0 | D:1      | Esekla the Formicid Conjurer began the quest for the Orb.
     0 | D:1      | Reached XP level 1. HP: 13/13 MP: 3/3
    65 | D:1      | You fall into a shaft and drop 1 floor!
   404 | D:1      | Reached XP level 2. HP: 19/19 MP: 5/5
   414 | D:1      | Learned a level 2 spell: Searing Ray
   695 | D:1      | Reached XP level 3. HP: 25/25 MP: 4/6
  1116 | D:3      | Noticed an ogre
  1131 | D:3      | Killed an ogre
  1131 | D:3      | Reached skill level 1 in Fighting
  1131 | D:3      | Reached skill level 1 in Armour
  1131 | D:3      | Reached XP level 4. HP: 21/32 MP: 3/7
  1131 | D:3      | Reached XP level 5. HP: 24/37 MP: 3/8
  1185 | D:3      | Found a glowing silver altar of Zin.
  1185 | D:3      | Found a shimmering blue altar of Sif Muna.
  1186 | D:3      | Found an ancient bone altar of Kikubaaqudgha.
  1187 | D:3      | Found a glowing golden altar of the Shining One.
  1215 | D:3      | Found a blossoming altar of Fedhas.
  1215 | D:3      | Found a burning altar of Makhleb.
  1413 | D:4      | Found Ozxeolae's Gadget Emporium.
  1446 | D:4      | Reached XP level 6. HP: 44/44 MP: 5/9
  1594 | D:4      | Reached skill level 5 in Conjurations
  1792 | D:4      | Noticed an ogre
  1806 | D:4      | Killed an ogre
  1806 | D:4      | Reached XP level 7. HP: 51/51 MP: 6/11
  1843 | D:4      | Reached skill level 1 in Polearms
  1949 | D:4      | Noticed Edmund
  1988 | D:4      | Killed Edmund
  1988 | D:4      | Reached skill level 1 in Short Blades
  2049 | D:4      | Noticed Menkaure
  2203 | D:3      | Noticed Natasha
  2214 | D:3      | Killed Natasha
  2736 | D:3      | Noticed Natasha
  2738 | D:3      | Killed Natasha
  3048 | D:3      | Noticed Natasha
  3054 | D:3      | Killed Natasha
  3145 | D:4      | Reached XP level 8. HP: 58/58 MP: 1/13
  3329 | D:4      | Found a shimmering altar of Xom.
  3436 | D:4      | You fall into a shaft and drop 1 floor!
  3436 | D:5      | Entered Level 5 of the Dungeon
  3739 | D:5      | Reached skill level 1 in Long Blades
  4498 | D:4      | Reached skill level 1 in Throwing
  4646 | D:4      | Killed Menkaure
  4646 | D:4      | Reached XP level 9. HP: 66/66 MP: 9/14
  5456 | D:5      | You fall into a shaft and drop 3 floors!
  5697 | D:8      | Found a radiant altar of Vehumet.
  5697 | D:8      | Found a bloodstained altar of Trog.
  5697 | D:8      | Found a snail-covered altar of Cheibriados.
  5715 | D:8      | Became a worshipper of Vehumet
  5793 | D:8      | Noticed Psyche
  5797 | D:8      | Reached skill level 5 in Fighting
  5802 | D:8      | Killed Psyche
  6092 | D:10     | Entered Level 10 of the Dungeon
  6143 | D:10     | Noticed a troll
  6502 | D:10     | You fall into a shaft and drop 3 floors!
  6502 | D:13     | Found a gate to the Vaults.
  6502 | D:13     | Noticed a troll
  6502 | D:13     | Noticed a cyclops
  6502 | D:13     | Noticed a vault guard
  6502 | D:13     | Noticed a vault guard
  6502 | D:13     | Noticed a vault guard
  6502 | D:13     | Noticed a deep elf mage
  6502 | D:13     | Noticed a vault guard
  6505 | D:13     | You fall into a shaft and drop 2 floors!
  6505 | D:15     | Entered Level 15 of the Dungeon
  6660 | D:15     | Noticed a two-headed ogre
  6663 | D:15     | Noticed a centaur warrior
  6664 | D:15     | Noticed a two-headed ogre
  6667 | D:15     | Noticed a manticore
  6678 | D:15     | Noticed a cyclops
  6680 | D:15     | HP: 1/68 [cyclops/large rock (28)]
  6707 | D:15     | Killed from afar by a manticore

Levels and vault maps discovered:
D:1:      sevenhm_arrival_forest_fort_small_5, layout_loops_ring,
          chequers_decorated_corner, chequers_serial_rivers_small_b,
          serial_bayou_lake_a
D:2:      layout_basic
D:3:      layout_basic, grunt_temple_overflow_open, first_ration, uniq_natasha
D:4:      layout_layer_cave, overflow_temple_1_default, serial_shops,
          kennysheep_mini, uniq_edmund, uniq_menkaure
D:5:      wander_guarded_unrand_ratskin, layout_basic
D:6:      layout_layer_cave, minmay_temple_entry_glassed_door,
          kennysheep_slug_shrine
D:8:      lemuel_ice_statue, layout_loops_corners,
          gammafunk_temple_overflow_forgotten, uniq_maggie, uniq_psyche,
          uniq_erica
D:9:      layout_rooms
D:10:     minmay_diamond_stairs, layout_irregular_city, dpeg_lair_monsters,
          serial_shops, shop, uniq_maurice
D:13:     layout_basic, lightli_vaults_fourway_checkpoint,
          gammafunk_ghost_necromancy, nrook_mini_vaults, uniq_erolcha
D:15:     gammafunk_depths_entry_grave, layout_rooms, minmay_stone_trees_small,
          nicolae_ru_awakened_eye

Skill      XL: |  1  2  3  4  5  6  7  8  9 |
---------------+----------------------------+-----
Conjurations   | 4 5 |  5.5
Dodging        | 2 3 4 |  4.0
Fighting       | 1 2 3 4 5 |  5.5
Armour         | 1 2 3 4 |  4.9
Polearms       | 1 |  1.2
Short Blades   | 2 |  2.4
Spellcasting   | 3 4 |  4.1
Long Blades    | 2 4 |  4.5
Throwing       | 1 3 |  3.0
Stealth        | |  2.4

Action                   |  1- 3 |  4- 6 |  7- 9 || total
-------------------------+-------+-------+-------++-------
Melee: Spear             |    38 |       |       ||    38
       Dagger            |    14 |    40 |    82 ||   136
       Falchion          |       |       |   110 ||   110
Throw: Boomerang         |       |       |    17 ||    17
       Dart              |       |       |    41 ||    41
 Cast: Magic Dart        |    10 |     2 |    26 ||    38
       Searing Ray       |     3 |     6 |    31 ||    40
 Abil: Shaft Self        |     1 |       |     4 ||     5
  Use: Scroll            |       |       |     7 ||     7
 Stab: Sleeping          |     5 |     2 |     6 ||    13
  Eat: Chunk             |     1 |     2 |    19 ||    22
Armor: Robe              |     5 |       |       ||     5
       Leather armour    |     1 |    12 |    61 ||    74
       Skin              |       |       |     1 ||     1
Dodge: Dodged            |    24 |    28 |   194 ||   246
       Rpst.: Falchion   |       |       |    28 ||    28

Table legend:
 A = Non-vault XP
 B = Vault XP
 C = Vault XP percentage of total XP
 D = Non-vault monster count
 E = Vault monster count
 F = Vault count percentage of total count
                 A         B        C        D         E       F
            +---------+---------+-------+---------+---------+-------
      Total |    2273 |     820 |  26.5 |     125 |      13 |   9.4
            +---------+---------+-------+---------+---------+-------
        D:1 |      30 |       0 |   0.0 |      18 |       0 |   0.0
        D:2 |      69 |       0 |   0.0 |      21 |       0 |   0.0
        D:3 |     293 |      35 |  10.7 |      27 |       1 |   3.6
        D:4 |     976 |     335 |  25.6 |      32 |       2 |   5.9
        D:5 |     307 |      40 |  11.5 |      12 |       9 |  42.9
        D:6 |     128 |       0 |   0.0 |       1 |       0 |   0.0
        D:8 |      88 |     410 |  82.3 |       1 |       1 |  50.0
        D:9 |     322 |       0 |   0.0 |      11 |       0 |   0.0
       D:10 |      60 |       0 |   0.0 |       2 |       0 |   0.0
            +---------+---------+-------+---------+---------+-------
